[Event "Late-Titled-Tuesday-Blitz-October-24-2023"]
[Site "Chess.com"]
[Date "2023.10.24"]
[Round "3"]
[White "Thjop"]
[Black "Eloist"]
[Result "1-0"]
[WhiteElo "2637"]
[BlackElo "2444"]
[TimeControl "180+1"]
[EndTime "14:28:50 PDT"]
[Termination "Thjop won on time"]

1. e4 e6 2. d4 d5 3. Nd2 c5 4. Ngf3 cxd4 5. Nxd4 Nc6 6. Bb5 Bd7 7. Nxc6 bxc6 8.
Bd3 Bd6 9. Qe2 Qc7 10. Nf3 e5 11. O-O Ne7 12. Re1 dxe4 13. Qxe4 f5 14. Qh4 e4 15. Bg5 Ng6 16. Qh5 Kf8 17. Bxe4 fxe4 18. Rxe4 Re8 19.
Rae1 Rxe4 20. Rxe4 Bf5 21. Nd4 Qf7 22. Nxf5 Qxf5 23.
Re3 Bf4 24. Rf3 Ke8 25. Rxf4 Qxc2 26. h4 1-0

[Event "Late-Titled-Tuesday-Blitz-October-24-2023"]
[Site "Chess.com"]
[Date "2023.10.24"]
[Round "3"]
[White "mr_gustavo"]
[Black "igorkovalenko"]
[Result "0-1"]
[WhiteElo "2647"]
[BlackElo "2932"]
[TimeControl "180+1"]
[EndTime "14:28:56 PDT"]
[Termination "igorkovalenko won by resignation"]

1. e4 c5 2. Nf3 e6 3. d4 cxd4 4. Nxd4 Nf6 5. Nc3 Nc6 6. Be2 Bb4 7. O-O O-O 8. Nxc6 dxc6 9. Qxd8 Rxd8 10. e5 Bxc3 11. bxc3 Ne4 12. Ba3 Nxc3 13. Bf3 Bd7 14. Bb4 Nd5 15. Bd6 b5 16. a4 a6 17. Rfc1 Nc3 18.
Bb4 Nxa4 19. c4 Be8 20. Bd6 Rdc8 21. h4 h6 22. h5 Nb6 23. cxb5 axb5 24. Rxa8 Rxa8 25.
Kh2 Nc4 26. Rd1 Nxd6 27. exd6 Bd7 28. Kg3 f6 29. Kf4 Kf7 30. Ke3 e5 31. Rc1 Ra3+ 32. Kd2 Ra6 33. Ke3 Ke6 34. Rd1 f5 35. g4 Ra3+ 36. Ke2 Ra2+ 37. Kf1 e4 38. gxf5+ Kxf5 39. Bg2 Ke5 40. Re1 Ra4 41. Re3 Rd4 42.
Rg3 Rxd6 43. Rxg7 b4 44. Rg8 b3 45. Rb8 Rd1+ 46. Ke2 Bg4+ 47. f3 exf3+ 48. Bxf3 Bxf3+ 49. Kxf3 Rd3+ 50. Kg4 c5 51. Kh4 Rd4+ 52. Kg3 Rb4 53. Re8+ Kf5 54. Rf8+ Kg5 55. Rg8+ Kxh5 56. Kh3 b2 57.
Rg1 Rb3+ 58. Kh2 b1=Q 59. Rg5+ 0-1

[Event "Late-Titled-Tuesday-Blitz-October-24-2023"]
[Site "Chess.com"]
[Date "2023.10.24"]
[Round "3"]
[White "Lion-Al-Messi"]
[Black "LiemLe"]
[Result "0-1"]
[WhiteElo "2668"]
[BlackElo "2965"]
[TimeControl "180+1"]
[EndTime "14:28:58 PDT"]
[Termination "LiemLe won by resignation"]

1. e4 c6 2. Nf3 d5 3. Nc3 Bg4 4. h3 Bxf3 5. Qxf3 e6 6. Be2 Nf6 7. O-O d4 8. Nb1 Bd6 9. d3 c5 10. Nd2 Nc6 11. Nc4 Bc7 12. a4 Nd7 13. Qg4 Qf6 14. f4 h5 15. Qf3 e5 16. f5 O-O-O 17. c3 Rdg8 18. Qg3 g5 19. Bd2 Kb8 20. a5 a6 21.
Rfb1 Qg7 22. Bd1 Nf6 23. b4 h4 24. Qf3 dxc3 25. Bxc3 cxb4 26. Bxb4 g4 27. hxg4 Nd4 28. Qf2 Nxg4 29. Bxg4 Qxg4 30. Bd6 h3 31. Bxc7+ Kxc7 32.
Rxb7+ Kxb7 33. Qb2+ Nb5 34. Ne3 Qg3 35. Qe2 hxg2 36. Nxg2 Qh2+ 0-1

[Event "Late-Titled-Tuesday-Blitz-October-24-2023"]
[Site "Chess.com"]
[Date "2023.10.24"]
[Round "3"]
[White "dodoucb"]
[Black "RCone"]
[Result "1-0"]
[WhiteElo "2609"]
[BlackElo "2413"]
[TimeControl "180+1"]
[EndTime "14:28:58 PDT"]
[Termination "dodoucb won by checkmate"]

1. d4 g6 2. c4 Nf6 3. Nf3 Bg7 4. Nc3 O-O 5. e4 d6 6. Be2 Na6 7. O-O e5 8. Be3 Qe7 9. d5 Nc5 10. Nd2 a5 11. f3 Nh5 12. Re1 f5 13. a3 f4 14. Bf2 Na6 15. b4 b6 16. Qb3 Kh8 17. Rac1 g5 18. Na4 Nf6 19. c5 bxc5 20. bxc5 g4 21. cxd6 cxd6 22. Nb6 Rb8 23. Nxc8 Rfxc8 24. Rxc8+ Rxc8 25. Bxa6 Rg8 26. Qb7 Qe8 27. Rc1 Qg6 28.
Rc8 Bf8 29. Kf1 gxf3 30. gxf3 Qg2+ 31. Ke2 Qxh2 32. Qf7 Nh5 33. Rxf8 Ng3+ 34. Kd3 Qxf2 35. Rxg8# 1-0

[Event "Late-Titled-Tuesday-Blitz-October-24-2023"]
[Site "Chess.com"]
[Date "2023.10.24"]
[Round "3"]
[White "maximnovik"]
[Black "Mariia89"]
[Result "1-0"]
[WhiteElo "2486"]
[BlackElo "2182"]
[TimeControl "180+1"]
[EndTime "14:28:58 PDT"]
[Termination "maximnovik won by checkmate"]

1. e4 c6 2. d4 d5 3. Nc3 dxe4 4. Nxe4 Nf6 5. Nxf6+ exf6 6. c3 Be7 7. Bd3 Na6 8. Ne2 Nc7 9. O-O O-O 10. Bf4 Nd5 11. Bg3 Bg4 12. Qc2 g6 13. Rfe1 Kg7 14. Nf4 Nxf4 15. Bxf4 Bd6 16. Qd2 Bxf4 17. Qxf4 Be6 18.
h4 h5 19. Re3 Re8 20. Rae1 Qd7 21. Rf3 Qd8 22. c4 Rf8 23. Rg3 Qd7 24. Rge3 Rae8 25.
f3 Qc8 26. b3 Qd7 27. Bc2 Rd8 28. Rd1 Rfe8 29. Kf2 Qc8 30. g4 hxg4 31. h5 g5 32. h6+ Kg8 33. Qxf6 g3+ 34. Kg1 Bf5 35. Qg7# 1-0

[Event "Late-Titled-Tuesday-Blitz-October-24-2023"]
[Site "Chess.com"]
[Date "2023.10.24"]
[Round "3"]
[White "NM_NHTT"]
[Black "wild3000"]
[Result "0-1"]
[WhiteElo "2573"]
[BlackElo "2395"]
[TimeControl "180+1"]
[EndTime "14:28:59 PDT"]
[Termination "wild3000 won by checkmate"]

1. c4 e5 2. g3 Nf6 3. Nc3 d6 4. Bg2 g6 5. d3 Bg7 6. Nf3 O-O 7. O-O Re8 8. Bg5 h6 9. Bxf6 Bxf6 10. Rb1 a5 11. a3 Nc6 12. b4 axb4 13. axb4 Bg7 14. Nd5 Ne7 15. Nxe7+ Qxe7 16. Nd2 f5 17. Qb3 Kh7 18.
e3 Rb8 19. Rbc1 Be6 20. Bd5 c6 21. Bxe6 Qxe6 22. b5 h5 23. Rb1 c5 24. Ra1 h4 25.
Nf3 Bf6 26. gxh4 Kg7 27. Ng5 Qe7 28. f4 exf4 29. exf4 Qe3+ 30. Kh1 Bxa1 31. Rxa1 Qxf4 32. Qb2+ Qe5 33. Qxe5+ dxe5 34. Kg2 Rbd8 35. Ra3 e4 36. dxe4 fxe4 37. Re3 Rd2+ 38. Kg3 Rd4 39. Kf4 Rxc4 40. b6 Rb4 41. Nxe4 Rxb6 42. Nxc5 Rf6+ 43. Kg4 Rxe3 44. Nxb7 Re4+ 45. Kg3 Rd4 46. Nc5 Rc6 47.
Nb7 Rc3+ 48. Kf2 Rd2+ 49. Ke1 Rxh2 50. Kd1 Ra3 51. Nc5 Ra1# 0-1

[Event "Late-Titled-Tuesday-Blitz-October-24-2023"]
[Site "Chess.com"]
[Date "2023.10.24"]
[Round "3"]
[White "protectiago"]
[Black "becemix"]
[Result "1-0"]
[WhiteElo "2065"]
[BlackElo "2383"]
[TimeControl "180+1"]
[EndTime "14:29:00 PDT"]
[Termination "protectiago won by resignation"]

1. d4 d5 2. c4 e6 3. Nf3 Nf6 4.
g3 Nbd7 5. Bg2 Bb4+ 6. Bd2 Be7 7. O-O O-O 8. Nc3 Ne4 9. Bf4 Ndf6 10. Rc1 c6 11.
Ne5 Nxc3 12. Rxc3 Ne4 13. Rc1 g5 14. Be3 f6 15. Nd3 Qe8 16. b4 f5 17. b5 f4 18.
gxf4 gxf4 19. Nxf4 Bg5 20. Bxe4 dxe4 21. Ng2 cxb5 22.
Bxg5 Qg6 23. Qd2 Rf5 24. Bf4 Bd7 25. Kh1 Kf7 26. Nh4 Qh5 27. Nxf5 exf5 28. Rg1 bxc4 29. Rxc4 e3 30. Qxe3 Bc6+ 31. f3 1-0

[Event "Late-Titled-Tuesday-Blitz-October-24-2023"]
[Site "Chess.com"]
[Date "2023.10.24"]
[Round "3"]
[White "The_Straightforward_Rook"]
[Black "boracilek"]
[Result "1-0"]
[WhiteElo "2578"]
[BlackElo "2320"]
[TimeControl "180+1"]
[EndTime "14:29:04 PDT"]
[Termination "The_Straightforward_Rook won by checkmate"]

1. d4 Nf6 2. c4 c5 3. d5 e6 4. Nc3 exd5 5. cxd5 d6 6. Nf3 g6 7. Nd2 Na6 8. e4 Nc7 9. a4 b6 10. Bb5+ Bd7 11. O-O a6 12. Be2 Rb8 13. f4 b5 14. e5 dxe5 15. fxe5 Nfxd5 16. Nde4 Be6 17. b4 Nxc3 18. Nxc3 Qxd1 19. Rxd1 cxb4 20.
Ne4 Be7 21. axb5 axb5 22. Bh6 b3 23. Nd6+ Bxd6 24. exd6 Nd5 25. Bf3 Nc3 26. Bc6+ Bd7 27. Re1+ Kd8 28. Bg5+ Kc8 29. Bf3 b2 30. Ra7 Rb6 31.
Rc7+ Kb8 32. Rxc3 Rc8 33. Rb3 Be6 34. Rxb2 b4 35. Bf4 Rd8 36. Ra1 Rd7 37. Ra8# 1-0

[Event "Late-Titled-Tuesday-Blitz-October-24-2023"]
[Site "Chess.com"]
[Date "2023.10.24"]
[Round "3"]
[White "eCztery"]
[Black "biostatistician"]
[Result "0-1"]
[WhiteElo "2379"]
[BlackElo "2593"]
[TimeControl "180+1"]
[EndTime "14:29:05 PDT"]
[Termination "biostatistician won on time"]

1. e4 e5 2. d4 exd4 3. Nf3 Nc6 4. Bc4 Nf6 5. O-O Nxe4 6. Nc3 Nxc3 7. bxc3 d5 8. Bb5 Be7 9. Ne5 Bd7 10. Bxc6 bxc6 11.
Re1 O-O 12. cxd4 f6 13. Nd3 Bf5 14. Nf4 Bd6 15. Qh5 Qd7 16. c3 Rae8 17. Bd2 Re4 18. Rxe4 Bxe4 19. f3 g6 20. Qh6 Bf5 21. g4 Be6 22. Re1 Bf7 23. g5 fxg5 24. Qxg5 Re8 25. Rxe8+ Qxe8 26. Nh5 Qe2 27. Qd8+ Be8 28. Nf6+ Kf7 29.
Nxe8 Qd1+ 0-1

[Event "Late-Titled-Tuesday-Blitz-October-24-2023"]
[Site "Chess.com"]
[Date "2023.10.24"]
[Round "3"]
[White "C_K_G"]
[Black "Semetey"]
[Result "0-1"]
[WhiteElo "1927"]
[BlackElo "2525"]
[TimeControl "180+1"]
[EndTime "14:29:07 PDT"]
[Termination "Semetey won by resignation"]

1. e4 a6 2. Nf3 c6 3. d4 d5 4.
Bd3 Bg4 5. e5 e6 6. c3 c5 7. O-O Nc6 8. Be3 Qb6 9. b3 cxd4 10.
cxd4 Nge7 11. Nc3 Ng6 12. Na4 Qa7 13. Rc1 Nh4 14. Be2 Nxf3+ 15. Bxf3 Bxf3 16. Qxf3 Ba3 17. Rc3 O-O 18. Qg4 Rfc8 19. Nc5 Nxe5 20. dxe5 Bxc5 21. Rxc5 Rxc5 22. b4 Rc4 23. Qxc4 dxc4 24. Bxa7 Rxa7 25. Rd1 Ra8 26. Kf1 Rc8 27. Ke2 g5 28. Rd7 b5 29. Rd6 Ra8 30. g3 Kg7 31. Ke3 Kg6 32. Kd4 a5 33. a3 axb4 34. axb4 Ra2 35. Rb6 Rd2+ 36. Kc3 Rd3+ 37. Kc2 Rd5 38. Rb7 Rxe5 39.
Rxf7 Kxf7 0-1

[Event "Late-Titled-Tuesday-Blitz-October-24-2023"]
[Site "Chess.com"]
[Date "2023.10.24"]
[Round "3"]
[White "Lennis93"]
[Black "financieru"]
[Result "1-0"]
[WhiteElo "2763"]
[BlackElo "2378"]
[TimeControl "180+1"]
[EndTime "14:29:08 PDT"]
[Termination "Lennis93 won by checkmate"]

1. e4 c5 2. Nf3 e6 3. b3 b6 4. Bd3 Bb7 5. O-O Nf6 6. Re1 d6 7. e5 dxe5 8. Nxe5 Be7 9. Bb2 O-O 10. a4 Nbd7 11. f4 Nxe5 12. fxe5 Nd5 13. Be4 Qc7 14. Qh5 g6 15. Qf3 Rab8 16. Na3 a6 17. Nc4 Nb4 18. Rac1 b5 19. axb5 axb5 20. Nd6 Bxe4 21.
Nxe4 Nc6 22. Nf6+ Kg7 23. Qh3 h6 24. Re4 Rbd8 25. d3 c4 26. Rf1 cxd3 27. cxd3 Nb4 28. Bc1 h5 29. Nxh5+ Kg8 30. Nf6+ Kg7 31. Qh6# 1-0

[Event "Late-Titled-Tuesday-Blitz-October-24-2023"]
[Site "Chess.com"]
[Date "2023.10.24"]
[Round "3"]
[White "aa175"]
[Black "el_sporco"]
[Result "0-1"]
[WhiteElo "2587"]
[BlackElo "2419"]
[TimeControl "180+1"]
[EndTime "14:29:09 PDT"]
[Termination "el_sporco won by checkmate"]

1. d4 Nf6 2. Nf3 e6 3. Bf4 d6 4. e3 c5 5. dxc5 Qa5+ 6. Nbd2 Qxc5 7. c3 Qc7 8. Nc4 e5 9. Nfxe5 dxe5 10. Bxe5 Qc6 11.
a4 a6 12. Nd6+ Bxd6 13. Bxd6 Qd5 14. c4 Qxd1+ 15. Rxd1 Be6 16. f3 Nc6 17. e4 O-O-O 18. c5 Rhe8 19. Kf2 Nd7 20. b4 Nxb4 21. Rb1 Nc6 22.
Be2 f5 23. Rb2 fxe4 24. fxe4 Nf6 25. Ke3 Bd5 26. Rhb1 Rxe4+ 27. Kf2 Nd4 28. Bxa6 bxa6 29. Rb8+ Kd7 30. Rxd8+ Kxd8 31. Rb7 Re2+ 32. Kf1 Bxg2+ 33. Kg1 Nf3# 0-1

[Event "Late-Titled-Tuesday-Blitz-October-24-2023"]
[Site "Chess.com"]
[Date "2023.10.24"]
[Round "3"]
[White "TigrVShlyape"]
[Black "Tonychess32"]
[Result "1-0"]
[WhiteElo "2833"]
[BlackElo "2515"]
[TimeControl "180+1"]
[EndTime "14:29:10 PDT"]
[Termination "TigrVShlyape won on time"]

1. d4 Nf6 2. Bf4 e6 3. Nf3 c5 4.
e3 cxd4 5. exd4 d5 6. c3 Bd6 7. Bg3 Nc6 8. Nbd2 Qc7 9. Bd3 h6 10. O-O Bxg3 11. hxg3 O-O 12. Qe2 Re8 13. Rae1 Bd7 14.
Ne5 a6 15. f4 Ne7 16. g4 Ne4 17. Nxe4 dxe4 18. Qxe4 f5 19. Qf3 Bc6 20. Qh3 fxg4 21. Qxg4 Nf5 22. Nxc6 bxc6 23. Bxf5 exf5 24. Qxf5 Rf8 25.
Qe5 Qb7 26. b3 Rf6 27. Qc5 Raf8 28. Re7 Qc8 29. Qe5 Qg4 30. Re8 Rxe8 31. Qxe8+ Kh7 32. Qe4+ Kh8 33. c4 Re6 34. Qf3 Qf5 35. d5 cxd5 36. Qxd5 Qg4 37. c5 Re8 38. c6 Qg3 39. Qf3 Qg6 40. Rc1 Rc8 41. Qd5 Qe8 42. Qc5 Qe2 43. c7 Qe6 44. Qe5 Qb6+ 45. Kh2 a5 46. Rc5 Qg6 47. Rd5 Kh7 48. Rd8 Rxc7 49. Qxc7 Qh5+ 50. Kg3 Qg6+ 51. Kf2 Qc2+ 52. Qxc2+ 1-0

[Event "Late-Titled-Tuesday-Blitz-October-24-2023"]
[Site "Chess.com"]
[Date "2023.10.24"]
[Round "3"]
[White "mishanick"]
[Black "gahryman"]
[Result "1-0"]
[WhiteElo "3064"]
[BlackElo "2691"]
[TimeControl "180+1"]
[EndTime "14:29:12 PDT"]
[Termination "mishanick won by resignation"]

1. d4 Nf6 2. c4 e6 3. Nc3 d5 4.
cxd5 exd5 5. Bg5 c6 6. e3 Bd6 7.
Bd3 O-O 8. Nge2 Re8 9. Qc2 h6 10. Bh4 a5 11. a3 Na6 12. h3 Nc7 13. O-O Ne6 14. f4 Nf8 15. Rf3 Be7 16. Raf1 b5 17. g4 b4 18. axb4 axb4 19. Nd1 Ne4 20. Be1 Ba6 21.
Bxa6 Rxa6 22. Nf2 Bh4 23. Nxe4 dxe4 24. Bxh4 Qxh4 25. Rg3 Qe7 26. g5 hxg5 27. Rxg5 Ng6 28. Ng3 Nh4 29. Rg4 Nf3+ 30. Kh1 g6 31. f5 c5 32.
Rxe4 Qd8 33. Rxe8+ Qxe8 34. Rxf3 cxd4 35. fxg6 Rxg6 36.
exd4 b3 37. Qxb3 Qe1+ 38. Kg2 Qe2+ 39. Rf2 Qe4+ 40. Qf3 Qe6 41. d5 1-0

[Event "Late-Titled-Tuesday-Blitz-October-24-2023"]
[Site "Chess.com"]
[Date "2023.10.24"]
[Round "3"]
[White "Nikita_Klepikov"]
[Black "chesselephant"]
[Result "1-0"]
[WhiteElo "2319"]
[BlackElo "2573"]
[TimeControl "180+1"]
[EndTime "14:29:12 PDT"]
[Termination "Nikita_Klepikov won by resignation"]

1. e4 e5 2. Nf3 Nc6 3. Bb5 a6 4. Ba4 Nf6 5. Qe2 b5 6. Bb3 Be7 7. c3 O-O 8. O-O d6 9. Rd1 Bg4 10. d3 Na5 11. Bc2 c5 12. Nbd2 Nc6 13. h3 Be6 14.
Nf1 Qc7 15. g4 d5 16. Ng3 d4 17. Nf5 Bd8 18. Kh2 dxc3 19. bxc3 b4 20. Bb2 bxc3 21.
Bxc3 Nd4 22. Bxd4 exd4+ 23. Kh1 Bxf5 24. gxf5 Nh5 25. Rg1 Nf4 26. Qd2 f6 27. Rg4 Nxh3 28. Bb3+ Kh8 29. Kg2 Ng5 30. Rh1 h6 31. Nh4 Kh7 32. Ng6 Re8 33. f4 Nf7 34. Qf2 Nd6 35. Bd5 Rb8 36. Rgh4 Qd7 37. Be6 Rxe6 38. Nf8+ Kg8 39.
Nxd7 1-0

[Event "Late-Titled-Tuesday-Blitz-October-24-2023"]
[Site "Chess.com"]
[Date "2023.10.24"]
[Round "3"]
[White "aghasiyevkamal"]
[Black "Elsa167"]
[Result "0-1"]
[WhiteElo "2601"]
[BlackElo "2902"]
[TimeControl "180+1"]
[EndTime "14:29:13 PDT"]
[Termination "Elsa167 won by resignation"]

1. d4 Nf6 2. c4 e6 3. Nf3 d5 4. g3 Ne4 5. Bg2 f5 6. O-O Be7 7. b3 h5 8. Ba3 Nc6 9. Bxe7 Qxe7 10. Nbd2 g5 11. e3 h4 12. Rc1 Bd7 13. Qe2 O-O-O 14. b4 hxg3 15. hxg3 Rh6 16. Rfd1 Rdh8 17. b5 Nb4 18. cxd5 Qh7 19. Kf1 exd5 20. Ng1 Rh2 21. a4 Nd3 22. Nxe4 fxe4 23. Rc3 Rxg2 24. Kxg2 Bh3+ 0-1

[Event "Late-Titled-Tuesday-Blitz-October-24-2023"]
[Site "Chess.com"]
[Date "2023.10.24"]
[Round "3"]
[White "Agent-JL"]
[Black "Binary010"]
[Result "0-1"]
[WhiteElo "2569"]
[BlackElo "2856"]
[TimeControl "180+1"]
[EndTime "14:29:15 PDT"]
[Termination "Binary010 won on time"]

1. d4 Nf6 2. c4 e6 3. Nf3 d5 4. g3 Bb4+ 5. Nbd2 dxc4 6. Qc2 b5 7. a4 c6 8. Bg2 a5 9. O-O O-O 10. Ne5 Ra6 11. e3 Bd6 12. Nxc6 Nxc6 13. axb5 Nb4 14. Qxc4 Ra7 15. Nb3 Qb6 16. Bd2 Bd7 17.
Bc6 Nxc6 18. bxc6 Bxc6 19. Nxa5 Bd5 20. Qc2 Rfa8 21. Rfc1 h6 22. b4 Bxb4 23. Rcb1 Rxa5 24. Rxa5 Qxa5 25. Bxb4 Qa2 26. Qxa2 Rxa2 0-1

[Event "Late-Titled-Tuesday-Blitz-October-24-2023"]
[Site "Chess.com"]
[Date "2023.10.24"]
[Round "3"]
[White "akanga001"]
[Black "gunslinger222"]
[Result "0-1"]
[WhiteElo "2041"]
[BlackElo "2343"]
[TimeControl "180+1"]
[EndTime "14:29:15 PDT"]
[Termination "gunslinger222 won by resignation"]

1. d4 Nf6 2. c4 e6 3. Nf3 Bb4+ 4. Bd2 Bxd2+ 5. Qxd2 d5 6. Nc3 O-O 7. e3 Nc6 8. a3 Re8 9. Rd1 a6 10.
cxd5 exd5 11. h3 Bf5 12. Nh4 Ne4 13. Nxe4 Bxe4 14. Nf3 Bxf3 15. gxf3 Qf6 16. f4 Qxf4 17. Bd3 Qf3 18. Rh2 g6 19. Be2 Qf6 20. h4 Re4 21. h5 Rh4 22. Rxh4 Qxh4 23. hxg6 hxg6 24. Bf3 Rd8 25.
Ke2 Qf6 26. Rh1 Re8 27. Bxd5 Nxd4+ 28. Kd1 Rd8 29. exd4 Rxd5 30. Qh6 Qxd4+ 31. Kc1 Qg7 32. Qe3 Rd8 33. Qe7 Qf8 34. Qe5 Qg7 35. Qe7 Qd4 36.
Kb1 Rf8 37. Qxc7 Qe4+ 38. Ka2 Qxh1 39. Qc3 Qd5+ 40. b3 Rd8 41. a4 Qd2+ 42. Qxd2 Rxd2+ 43. Ka3 Rxf2 44. Kb4 Rf3 45. Ka5 b5 46. b4 bxa4 47. Kxa4 Rf4 48. Ka5 Rxb4 49. Kxb4 g5 50. Ka5 g4 51.
Kxa6 g3 0-1

[Event "Late-Titled-Tuesday-Blitz-October-24-2023"]
[Site "Chess.com"]
[Date "2023.10.24"]
[Round "3"]
[White "KATPAH"]
[Black "jup1978"]
[Result "1-0"]
[WhiteElo "2643"]
[BlackElo "2487"]
[TimeControl "180+1"]
[EndTime "14:29:16 PDT"]
[Termination "KATPAH won on time"]

1. e4 e5 2. d4 exd4 3. c3 d5 4. exd5 Qxd5 5. cxd4 Nc6 6. Nf3 Bg4 7. Be2 O-O-O 8. Nc3 Qf5 9. O-O Kb8 10. Be3 Nf6 11. h3 h5 12. Qb3 Bd6 13. Nb5 Nd5 14. Nxd6 Rxd6 15. Bd3 Qe6 16. Ng5 Qf6 17. Ne4 Qe7 18. Nxd6 Qxd6 19. Be4 Be6 20. Rac1 f5 21. Bf3 f4 22. Bd2 g5 23. Rfe1 Nxd4 24. Qd3 Nxf3+ 25. Qxf3 g4 26. Qe4 Bd7 27. Qe5 Qxe5 28. Rxe5 c6 29.
h4 Rf8 30. Rxh5 f3 31. g3 Bf5 32. Re1 Nb6 33. Bb4 Rf7 34. Re7 Rxe7 35. Bxe7 Bb1 36. a3 Nd5 37. Bd6+ Kc8 38. Rg5 Kd7 39. Be5 Ke6 40. Bd4 b6 41. Rxg4 c5 42. Bc3 Bf5 43. Rg8 b5 44. Rb8 a6 45. h5 1-0

[Event "Late-Titled-Tuesday-Blitz-October-24-2023"]
[Site "Chess.com"]
[Date "2023.10.24"]
[Round "3"]
[White "shimastream"]
[Black "djano"]
[Result "1-0"]
[WhiteElo "2980"]
[BlackElo "2679"]
[TimeControl "180+1"]
[EndTime "14:29:17 PDT"]
[Termination "shimastream won by resignation"]

1. Nf3 g6 2. d4 Bg7 3. e4 d6 4. Be3 Nf6 5. Nc3 O-O 6. Qd2 c6 7. Bh6 b5 8. Bd3 Bg4 9. O-O-O b4 10. Ne2 c5 11. dxc5 Qa5 12. Bxg7 Kxg7 13. e5 Nd5 14. Bc4 e6 15. cxd6 Nb6 16. Qf4 Nxc4 17. Qxc4 Bxf3 18.
gxf3 Nd7 19. f4 Rfc8 20. Qd4 Qxa2 21. Qxb4 Nc5 22. Kd2 Qd5+ 23. Kc1 Qa2 24. Nc3 Qa6 25.
Qb5 Qxb5 26. Nxb5 Rab8 27. Nxa7 Nb3+ 28. Kb1 Rc5 29. cxb3 Ra5 30. Nc6 1-0

[Event "Late-Titled-Tuesday-Blitz-October-24-2023"]
[Site "Chess.com"]
[Date "2023.10.24"]
[Round "3"]
[White "colegiodemadrid"]
[Black "carloseduar100"]
[Result "0-1"]
[WhiteElo "2457"]
[BlackElo "2289"]
[TimeControl "180+1"]
[EndTime "14:29:17 PDT"]
[Termination "carloseduar100 won by resignation"]

1. e4 e6 2. d4 d5 3. e5 c5 4. c3 Nc6 5. Nf3 Qb6 6. a3 Nh6 7. b4 cxd4 8. cxd4 Nf5 9. Bb2 Bd7 10. g4 Nfe7 11. Nc3 h5 12. g5 Nf5 13. Na4 Qd8 14.
Bd3 g6 15. Nc5 Bxc5 16. dxc5 h4 17. Rg1 h3 18. Qd2 a5 19. b5 Nce7 20. a4 Qc7 21.
Rc1 Kf8 22. Qf4 Kg7 23. Rg4 Rh5 24. Nd4 Nxd4 25. Bxd4 Nf5 26. Bxf5 gxf5 27. Rh4 Rah8 28. Rxh5 Rxh5 29. Ke2 Qd8 30. Rg1 Kg6 31. Be3 Qh8 32. Qd4 Rh4 33. f4 Qh5+ 34. Kf2 Rg4 35. Ke1 Rxg1+ 36. Bxg1 Qf3 37. Qe3 Qg2 38. Kd1 Qa2 39.
Qxh3 Qxa4+ 40. Kd2 Qxf4+ 41. Be3 Qb4+ 42. Kd1 f4 43.
Qh6+ Kf5 44. Qf6+ Kg4 45. h3+ Kg3 46. Bd2 Qb1+ 47. Bc1 Qd3+ 48. Bd2 Qf3+ 49. Kc1 Bxb5 50. Qxf7 Qa3+ 51. Kd1 Ba4+ 52. Ke1 Qf3 53. Qxf4+ Qxf4 54. Bxf4+ Kxf4 55. g6 Be8 56. g7 Bf7 0-1

[Event "Late-Titled-Tuesday-Blitz-October-24-2023"]
[Site "Chess.com"]
[Date "2023.10.24"]
[Round "3"]
[White "sergeikim"]
[Black "szachmistrz2500"]
[Result "0-1"]
[WhiteElo "2590"]
[BlackElo "2429"]
[TimeControl "180+1"]
[EndTime "14:29:18 PDT"]
[Termination "szachmistrz2500 won on time"]

1. d4 Nf6 2. c4 e6 3. Nc3 d5 4. Nf3 Bb4 5. e3 O-O 6. Bd3 b6 7. cxd5 exd5 8. Ne5 Bb7 9. O-O Nbd7 10. f4 a6 11. Qf3 Bd6 12. Qh3 Bc8 13. Qf3 Bb7 14. Bd2 c5 15. Rad1 b5 16. a3 b4 17. axb4 cxb4 18. Ne2 Ne4 19. Bxe4 dxe4 20. Qh3 Nf6 21. Ng3 a5 22. Nf5 Bc8 23. g4 a4 24. Nxd6 Qxd6 25.
f5 a3 26. bxa3 bxa3 27. g5 Nd5 28. Qh4 f6 29. g6 h6 30. Nf7 Qe7 31. Ra1 a2 32.
Rfc1 Bxf5 33. Qg3 h5 34. Rc5 Be6 35. Nd6 f5 36. Nc4 f4 37. exf4 e3 0-1

[Event "Late-Titled-Tuesday-Blitz-October-24-2023"]
[Site "Chess.com"]
[Date "2023.10.24"]
[Round "3"]
[White "GiorgianBarbosa"]
[Black "Meri-Arabidze"]
[Result "0-1"]
[WhiteElo "2432"]
[BlackElo "2632"]
[TimeControl "180+1"]
[EndTime "14:29:20 PDT"]
[Termination "Meri-Arabidze won by resignation"]

1. c4 e5 2. g3 Nc6 3. Bg2 g6 4. Nc3 Bg7 5. e4 d6 6. d3 h5 7.
Nge2 h4 8. Be3 Nd4 9. h3 hxg3 10.
fxg3 Ne7 11. Qd2 Be6 12. O-O-O Qd7 13. g4 O-O-O 14. Kb1 c6 15. Rdf1 Kb8 16. Rf2 Rdf8 17. Rhf1 Nxe2 18. Nxe2 f6 19. b3 c5 20. Nc3 g5 21. Nd5 Bxd5 22. exd5 Ng6 23. Rh1 f5 24. gxf5 Nf4 25. Bxf4 exf4 26. Be4 Qe7 27. a4 Qe5 28.
Ka2 Rxh3 29. Re1 Re3 30. Rff1 Rh8 31. Rh1 Rxe1 32. Rxe1 g4 33. Bg2 Qxf5 34. Be4 Qf6 35. d4 Qxd4 36. Qxd4 Bxd4 37. Bf5 g3 38. Be4 a5 39. Rh1 Re8 40. Bf3 Re3 41. Rf1 Rxf3 42. Kb1 Rxf1+ 43. Kc2 0-1

[Event "Late-Titled-Tuesday-Blitz-October-24-2023"]
[Site "Chess.com"]
[Date "2023.10.24"]
[Round "3"]
[White "Rodalquilar"]
[Black "zverr1"]
[Result "1-0"]
[WhiteElo "2738"]
[BlackElo "2504"]
[TimeControl "180+1"]
[EndTime "14:29:21 PDT"]
[Termination "Rodalquilar won on time"]

1. d4 Nf6 2. Nf3 g6 3. Bf4 Bg7 4. e3 c5 5. c3 b6 6. h3 Bb7 7.
Be2 O-O 8. O-O d5 9. Nbd2 Nc6 10. Bh2 Nd7 11. Qb3 Qc8 12. Qa3 e5 13. dxe5 Ndxe5 14. Nxe5 Bxe5 15. Bxe5 Nxe5 16. Nf3 Qc7 17. Rfd1 Rfd8 18.
Rd2 Bc6 19. Rad1 Rd7 20. Qb3 Rad8 21. Nxe5 Qxe5 22. Bf3 h5 23. a4 Rd6 24. a5 b5 25.
Qa3 d4 26. cxd4 cxd4 27. exd4 Qf5 28. Bxc6 Rxc6 29. d5 Rc4 30. b3 Rc2 31. Qe7 Rd7 32.
Qe8+ Kg7 33. Qe2 Rxd2 34. Qxd2 a6 35. Qd4+ Qf6 36. Qc5 Qd6 37. b4 Kf6 38. Qc3+ Qe5 39. Qc6+ Qd6 40. Qc5 Ke7 41. h4 Rc7 42. Qe3+ Kf8 43. Re1 Rc4 44. Qh6+ 1-0

[Event "Late-Titled-Tuesday-Blitz-October-24-2023"]
[Site "Chess.com"]
[Date "2023.10.24"]
[Round "3"]
[White "Blitzstream"]
[Black "koncheto"]
[Result "1-0"]
[WhiteElo "2821"]
[BlackElo "2549"]
[TimeControl "180+1"]
[EndTime "14:29:23 PDT"]
[Termination "Blitzstream won on time"]

1. d4 Nf6 2. Bg5 Ne4 3. Bh4 c5 4. f3 g5 5. fxe4 gxh4 6. e3 Qb6 7.
Nc3 e6 8. Nf3 Bh6 9. Qd3 Nc6 10.
d5 c4 11. Qxc4 Qxe3+ 12. Be2 Ne7 13. Qd4 Rg8 14. Nb5 Kf8 15. Qxe3 Bxe3 16. Rf1 Rxg2 17. Ne5 f5 18. d6 Ng6 19. exf5 exf5 20. Rxf5+ Kg8 21.
Ng4 Bf4 22. Kf1 h3 23. Nc7 Rb8 24. Nd5 Bxd6 25. Nde3 Rxh2 26. Nxh2 Bxh2 27. Bc4+ Kg7 28. Rf7+ Kh8 29. Ng4 Bg3 30. Nf6 1-0

[Event "Late-Titled-Tuesday-Blitz-October-24-2023"]
[Site "Chess.com"]
[Date "2023.10.24"]
[Round "3"]
[White "stolencandy13"]
[Black "Andrej2004"]
[Result "1-0"]
[WhiteElo "2587"]
[BlackElo "2513"]
[TimeControl "180+1"]
[EndTime "14:29:23 PDT"]
[Termination "stolencandy13 won by resignation"]

1. d4 b6 2. Bf4 Bb7 3. Nc3 Nf6 4. Nf3 g6 5. Qd2 h6 6. h4 d6 7. e3 Nbd7 8. O-O-O Bg7 9. Bc4 e6 10. Bb3 Qe7 11.
Kb1 O-O-O 12. Rhe1 Kb8 13. e4 e5 14. Bg3 exd4 15. Nxd4 Rhe8 16. f3 Nh5 17. Bf2 Be5 18.
Nd5 Qf8 19. Ba4 Bxd4 20. Qxd4 Qg7 21. Qxg7 Nxg7 22. Bxd7 Rxd7 23. Nf6 Rde7 24. Nxe8 Rxe8 25. Be3 h5 26. c4 Kc8 27. b3 Ne6 28. Kb2 a5 29.
Kc3 Bc6 30. a3 Kb7 31. b4 axb4+ 32. axb4 Rg8 33. Rb1 f5 34. exf5 gxf5 35. Re2 Bd7 36. Rbb2 Ra8 37. c5 d5 38. cxb6 cxb6 39. Rbd2 Kc6 40. Bg5 Kd6 41. Bf6 Bb5 42. Re5 Bc4 43. Rxf5 Ra3+ 44. Kb2 Rb3+ 45. Kc2 Rxb4 46. Rxh5 b5 47.
Rh7 Ra4 48. h5 b4 49. h6 b3+ 50. Kb1 Nf4 51. Rb7 Bd3+ 52. Rxd3 Nxd3 53. h7 Rc4 54. Rxb3 Rc1+ 55. Ka2 Rc2+ 56. Ka3 Nc1 57. h8=Q Ra2+ 58. Kb4 Nd3+ 59. Rxd3 1-0